 Dungeon Crawl Stone Soup version 0.21-a0-283-g622b906 (webtiles) character file.

23 RKaid the Skirmisher (level 2, -7/27 HPs)
             Began as a Draconian Chaos Knight on Sept 25, 2017.
             Mangled by an iguana (shapeshifter) (11 damage)
             ... on level 1 of the Dungeon.
             The game lasted 00:00:46 (728 turns).

RKaid the Skirmisher (Draconian Chaos Knight)        Turns: 728, Time: 00:00:47

Health: -7/27      AC:  4    Str: 14    XL:     2   Next: 72%
Magic:  2/2        EV: 12    Int: 12    God:    Xom [..*...]
Gold:   46         SH:  0    Dex: 10    Spells: 1/1 levels left

rFire    . . .     SeeInvis .   a - +0 falchion (chaos)
rCold    . . .     Gourm    .   (no shield)
rNeg     . . .     Faith    .   (armour unavailable)
rPois    .         Spirit   .   (helmet restricted)
rElec    .         Reflect  .   (no cloak)
rCorr    .         Harm     .   (no gloves)
MR       .....                  (no boots)
Stlth    +.........             (no amulet)
HPRegen  0.09/turn              (no ring)
MPRegen  0.08/turn              (no ring)

@: no status effects
A: unfitting armour, cold-blooded, AC +4
a: Renounce Religion


You were on level 1 of the Dungeon.
You worshipped Xom.
You were a toy of Xom.
You were not hungry.

You visited 1 branch of the dungeon, and saw 1 of its levels.

You collected 46 gold pieces.

Inventory:

Hand Weapons
 a - a +0 falchion of chaos (weapon)
Scrolls
 c - a scroll of remove curse {unknown}
 e - a scroll of enchant armour {unknown}
 f - 2 scrolls of identify {unknown}
 g - a scroll of fog {unknown}
 i - a scroll of magic mapping {unknown}
Potions
 h - a potion of berserk rage {unknown}
Comestibles
 b - a bread ration
 d - 2 chunks of flesh


   Skills:
 + Level 3.8 Fighting
 * Level 3.6 Long Blades
 - Level 2.1 Dodging


You had one spell level left.
You didn't know any spells.

Dungeon Overview and Level Annotations

Branches:
Dungeon (1/15)

Altars:


Innate Abilities, Weirdness & Mutations

Your plain brown scales are hard. (AC +4)
You cannot fit into any form of body armour.
You are cold-blooded and may be slowed by cold attacks.


Message History

You hit the frilled lizard.
You kill the frilled lizard!
No target in view!
No target in view!
All of the chunks of flesh in your inventory have rotted away.
A leopard gecko comes into view.
A leopard gecko is nearby!
A leopard gecko is nearby!
A leopard gecko is nearby!
A leopard gecko is nearby!
The leopard gecko hisses angrily.
You hear Xom's maniacal laughter.
Frost spreads across the the floor.
The leopard gecko bites you.
You hit the leopard gecko but do no damage.
The leopard gecko bites you but does no damage.
You hit the leopard gecko.
The leopard gecko seems to speed up.
The leopard gecko bites you but does no damage. x2
You closely miss the leopard gecko. The leopard gecko bites you.
The leopard gecko misses you.
You closely miss the leopard gecko. The leopard gecko bites you.
The leopard gecko barely misses you.
You hit the leopard gecko. You freeze the leopard gecko.
You kill the leopard gecko!
You see here a leopard gecko corpse.
You butcher the leopard gecko corpse.
d - a chunk of flesh You see here a leopard gecko skeleton.
You start resting.
You now have 34 gold pieces (gained 13).
You now have 46 gold pieces (gained 12).
A frilled lizard comes into view.
The frilled lizard hisses angrily.
The frilled lizard moves out of view.
The frilled lizard is too close now for your liking.
A frilled lizard is nearby!
You slash the frilled lizard!
The frilled lizard seems to slow down.
You freeze the frilled lizard.
You kill the frilled lizard!
You see here a frilled lizard corpse.
You butcher the frilled lizard corpse.
d - 2 chunks of flesh (gained 1)
You see here a frilled lizard skeleton. x2
A hobgoblin comes into view.
The hobgoblin shouts!
A hobgoblin comes into view.
You see here 22 stones.
There are monsters nearby!
The hobgoblin shouts!
The hobgoblin completely misses you.
You riposte.
You hit the hobgoblin.
You feel a wrenching sensation.
You hit the hobgoblin but do no damage.
Your tail-slap misses the hobgoblin.
The hobgoblin barely misses you.
You riposte.
You hit the hobgoblin.
You kill the hobgoblin!
You hit the hobgoblin.
The hobgoblin changes into a kobold!
Xom thinks this is hilarious!
You closely miss the kobold. The kobold hits you but does no damage.
The kobold hits you.
You completely miss the kobold.
You tail-slap the kobold, but do no damage.
The kobold hits you but does no damage.
You barely miss the kobold. The kobold closely misses you.
You closely miss the kobold.
The kobold changes into a dart slug!
You hit the dart slug.
You feel better.
You tail-slap the dart slug.
The dart slug changes into a river rat!
You barely miss the river rat. The river rat barely misses you.
You riposte.
You barely miss the river rat.
You tail-slap the river rat, but do no damage.
A river rat is nearby!
A river rat is nearby!
You hit the river rat.
Your tail-slap misses the river rat.
The river rat bites you but does no damage.
You hit the river rat but do no damage.
The river rat flickers and vanishes!
Deactivating autopickup; reactivate with Ctrl-A.
Something bites you.
You closely miss the river rat.
You tail-slap the river rat, but do no damage.
The river rat changes into a jelly!
Something barely misses you.
You slash the jelly!
The jelly flickers and vanishes!
Your hands burn!
An iguana appears out of thin air!
Reactivating autopickup.
Something bites you.
Deactivating autopickup; reactivate with Ctrl-A.
You hit the iguana.
The iguana flickers and vanishes!
A kobold appears out of thin air!
Reactivating autopickup.
Something bites you!
Deactivating autopickup; reactivate with Ctrl-A.
You are too injured to fight recklessly!
You are too injured to fight recklessly!
The kobold changes into a bat!
You hit something but do no damage. Something bites you.
You barely miss something. Something bites you.
You closely miss something. Something bites you.
* * * LOW HITPOINT WARNING * * *
You miss something. You tail-slap something. Something bites you.
* * * LOW HITPOINT WARNING * * *
A quokka comes into view.
You hit something but do no damage.
The quokka changes into a gnoll!
Something bites you!
You die...

###### # .. #...# # #
#.#.# #...# ####
#....# ..####'####...
#....####.........###
#..b...###########÷.
#...†.............#
#.##g##..########.#
######.#{.(.....# #.#
#......@###.....# #..
#.####.## ##....# ##.
#...# #....# #. #
#.#.## ##÷...# #.
#.##.##.###.##### #.
#..........## ####.
####.####### #....
##.## ### #.###
##...####.#### #.#


You could see a gnoll shaped shifter.

Vanquished Creatures
  A dart slug (D:1)
  A leopard gecko (D:1)
  2 bats (D:1)
  A giant cockroach (D:1)
  2 goblins (D:1)
  2 hobgoblins (D:1)
  3 jackals (D:1)
  4 frilled lizards (D:1)
  A kobold (D:1)
  2 rats (D:1)
19 creatures vanquished.

Notes
Turn   | Place    | Note
-------+----------+-------------------------------------------
     0 | D:1      | RKaid the Draconian Chaos Knight began the quest for the Orb.
     0 | D:1      | Reached XP level 1. HP: 19/19 MP: 1/1
   181 | D:1      | XOM: silly message
   214 | D:1      | Reached XP level 2. HP: 26/26 MP: 2/2
   346 | D:1      | XOM: harmless Erth miscast
   541 | D:1      | XOM: harmless Ice miscast
   727 | D:1      | HP: 4/27 [something (3)]
   728 | D:1      | Mangled by an iguana (shapeshifter)

Vault maps used:
D:1:      dpeg_arrival_another_circle

Action                   || total
-------------------------++-------
Melee: Falchion          ||    56
       Tailslap          ||     8
 Stab: Paralysed         ||     1
Armor: Skin              ||    20
Dodge: Dodged            ||    28
       Rpst.: Falchion   ||    10

Table legend:
 A = Spawn XP
 B = Non-spawn XP
 C = Spawn XP percentage of total XP
 D = Spawn monster count
 E = Non-spawn monster count
 F = Spawn count percentage of total count
 G = Total turns spent on level
                    A         B        C        D         E        F      G
               +---------+---------+-------+---------+---------+-------+---------
         Total |       0 |      33 |   0.0 |       0 |      19 |   0.0 |   728
               +---------+---------+-------+---------+---------+-------+---------
           D:1 |       0 |      33 |   0.0 |       0 |      19 |   0.0 |   728
               +---------+---------+-------+---------+---------+-------+---------

Table legend:
 A = Turns spent in this place as a percentage of turns spent in the entire game.
 B = Non-inter-level travel turns spent in this place as a percentage of non-inter-level travel turns spent in the entire game.
 C = Inter-level travel turns spent in this place as a percentage of turns spent in this place.
 D = Turns resting spent in this place as a percentage of non-inter-level travel turns spent in this place.
 E = Turns spent auto-exploring this place as a percentage of non-inter-level travel turns spent in this place.
 F = Non-inter-level travel turns spent in this place divided by the number of levels of this place that you've seen.
                   A       B       C       D       E      F
               +-------+-------+-------+-------+-------+----------------------
         Total | 100.0 | 100.0 |   0.0 |  29.5 |  52.9 | 728.0
       Dungeon | 100.0 | 100.0 |   0.0 |  29.5 |  52.9 | 728.0
               +-------+-------+-------+-------+-------+----------------------

Table legend:
 A = Kills in this place as a percentage of kills in entire the game.
 B = Kills by you in this place as a percentage of kills by you in the entire game.
 C = Kills by friends in this place as a percentage of kills by friends in the entire game.
 D = Other kills in this place as a percentage of other kills in the entire game.
 E = Experience gained in this place as a percentage of experience gained in the entire game.
 F = Experience gained in this place divided by the number of levels of this place that you have seen.
                   A       B       C       D       E      F
               +-------+-------+-------+-------+-------+----------------------
         Total | 100.0 | 100.0 |   N/A |   N/A | 100.0 |  33.0
       Dungeon | 100.0 | 100.0 |   N/A |   N/A | 100.0 |  33.0
               +-------+-------+-------+-------+-------+----------------------
